 Dungeon Crawl Stone Soup version 0.29.1-15-g9cfb28693d (webtiles) character file.

Game seed: 9515861657418432242

2935 jtron the Fighter (level 9, -5/111 HPs)
             Began as a Gnoll Wanderer on Mar 21, 2023.
             Was a Follower of Fedhas.
             Slain by a yak (10 damage)
             ... on level 8 of the Dungeon.
             The game lasted 00:17:27 (8329 turns).

jtron the Fighter (Gnoll Wanderer)                  Turns: 8329, Time: 00:17:27

Health: -5/111     AC: 24    Str: 23    XL:     9   Next: 80%
Magic:  16/16      EV:  2    Int:  6    God:    Fedhas [*.....]
Gold:   400        SH:  6    Dex: 12    Spells: 17/17 levels left

rFire   . . .      SeeInvis .   a - +0 war axe (freeze)
rCold   . . .      Faith    .   o - +1 buckler
rNeg    . . .      Spirit   .   (body armour currently unavailable)
rPois   +          Reflect  .   (helmet currently unavailable)
rElec   .          Harm     .   (cloak currently unavailable)
rCorr   .          Rampage  .   (gloves currently unavailable)
Will    +....      NoTele   +   (boots currently unavailable)
Stlth   +++.......              (no amulet)
HPRegen 0.28/turn               A - ring of willpower
MPRegen 0.15/turn               y - ring of flight

@: tree-form (expiring)
A: stationary, stasis, torment immunity, boosted hp, (fangs 1), strong nose,
distributed training, (horns 1), (poison resistance), strong 1
a: Renounce Religion


You were on level 8 of the Dungeon.
You worshipped Fedhas.
Fedhas was aware of your devotion.
You were a tree.
You visited 1 branch of the dungeon, and saw 8 of its levels.

You collected 400 gold pieces.

Inventory:

Hand Weapons
 a - a +0 war axe of freezing (weapon)
 b - a +2 shortbow of flaming
 h - a +0 hand axe
 l - a +3 mace
 M - a +0 sling
Missiles
 e - 102 stones
 j - 15 poisoned darts (quivered)
 s - a throwing net
 x - 3 boomerangs of dispersal
 C - 2 boomerangs
Armour
 d - a +0 leather armour (melded)
 o - a +1 buckler (worn)
 B - a +1 cloak of poison resistance (melded)
 G - a scarf of repulsion
 H - a +0 helmet
 J - a +1 pair of gloves (melded)
Jewellery
 y - a ring of flight (right branch)
 A - a ring of willpower (left branch)
 E - a ring of ice
Wands
 g - a wand of digging (1)
 n - a wand of paralysis (3)
 q - a wand of flame (10)
Scrolls
 c - 4 scrolls of blinking
 k - a scroll of torment {unknown}
 m - a scroll of fog {unknown}
 p - a scroll of poison
 t - 5 scrolls of noise {unknown}
 v - a scroll of magic mapping
 w - 3 scrolls of teleportation
 D - a scroll of amnesia {unknown}
 F - a scroll of identify
 I - a scroll of brand weapon {unknown}
 K - a scroll of fear {unknown}
Potions
 f - a potion of ambrosia
 i - 2 potions of lignification
 r - a potion of attraction
 u - 2 potions of brilliance
 z - 2 potions of invisibility


   Skills:
 + Level 8.2 Fighting
 + Level 4.7 Short Blades
 + Level 4.7 Long Blades
 + Level 6.7 Axes
 + Level 6.7 Maces & Flails
 + Level 4.7 Polearms
 + Level 4.7 Staves
 + Level 4.7 Ranged Weapons
 + Level 4.7 Throwing
 + Level 5.5 Armour
 + Level 4.7 Dodging
 + Level 5.4 Stealth
 + Level 4.7 Shields
 + Level 4.7 Unarmed Combat
 + Level 4.7 Spellcasting
 + Level 3.9 Conjurations
 + Level 3.9 Hexes
 + Level 3.9 Summonings
 + Level 3.9 Necromancy
 + Level 3.9 Translocations
 + Level 3.9 Transmutations
 + Level 3.9 Fire Magic
 + Level 3.9 Ice Magic
 + Level 3.9 Air Magic
 + Level 3.9 Earth Magic
 + Level 3.9 Poison Magic
 + Level 5.2 Invocations
 + Level 5.5 Evocations


You had 17 spell levels left.
You didn't know any spells.
Your spell library contained the following spells:

 Spells                   Type           Power      Damage    Failure   Level
 Apportation              Tloc           12%        N/A       8%          1
 Necrotise                Necr           24%        1d5       8%          1
 Sandblast                Erth           12%        2d6       8%          1
 Summon Small Mammal      Summ           24%        N/A       8%          1
 Passwall                 Tmut/Erth      5%         N/A       12%         2
 Sublimation of Blood     Necr           6%         N/A       12%         2
 Wereblood                Tmut           6%         N/A       12%         2
 Stone Arrow              Conj/Erth      12%        3d7       24%         3
 Summon Hydra             Summ           3%         N/A       100%        7


Dungeon Overview and Level Annotations

Branches:
Dungeon (8/15)             Temple (0/1) D:7
   Lair: D:8-11

Altars:
Fedhas
Gozag
Nemelex Xobeh
Trog

Portals:
Ossuary: D:8

Annotations:
D:8 1 runed translucent door, croobank's ghost, novice DsFE


Innate Abilities, Weirdness & Mutations

You are a tree.
Your roots penetrate the ground, keeping you stationary.
You cannot be teleported.
You are immune to unholy pain and torment.
Your maximum health is greatly increased.
Your equipment is partially melded.
((You have very sharp teeth.))
Your uncanny sense of smell can sniff out nearby items.
Your experience applies equally to all skills.
((You have a pair of small horns on your head.))
((Your system is resistant to poisons. (rPois)))
Your muscles are strong. (Str +4, Int/Dex -1)


Message History

You slash the yak! You freeze the yak.
The yak is moderately wounded.
You block the yak's attack.
You slash the yak! You freeze the yak.
The yak is severely wounded.
The yak gores you but does no damage. x2
You slash the yak! You freeze the yak.
The yak is almost dead.
The yak gores you.
* * * LOW HITPOINT WARNING * * *
You hit the yak but do no damage.
The yak is almost dead.
The yak gores you.
* * * LOW HITPOINT WARNING * * *
You hit the yak but do no damage.
The yak is almost dead.
The yak gores you but does no damage.
You hit the yak. You freeze the yak.
You kill the yak!
Fedhas appreciates your contribution to the ecosystem.
Your transformation is almost over.
You barely miss the yak. The yak gores you.
* * * LOW HITPOINT WARNING * * *
The yak gores you but does no damage.
You barely miss the yak. The yak gores you but does no damage.
You slash the yak! You freeze the yak.
The yak is heavily wounded.
The yak gores you but does no damage.
You slash the yak! You freeze the yak.
The yak is severely wounded.
The yak gores you but does no damage.
You hit the yak. You freeze the yak.
The yak is almost dead.
The yak gores you but does no damage.
You hit the yak but do no damage.
The yak is almost dead.
You hear the rapid hiss of an avalanche of sand nearby.
The yak gores you!
You die...
Fedhas appreciates your contribution to the ecosystem.

.####### #####....# #####....
........ .........# #......#.
........ .........#### #####.#..
........ ............# #.#..
######## ###########.# #.##.
....########## #.# #.#..
.............# ##'########.#..
###..........######........##.#..
#⌠##.........(YY♣.'........##.#..
...##.......†######........# #.#
.!..##......)# ###########.#.#
!♣..W+....Y..# .......
.?..##.......# ###.#..
...##...Y....# ......
#⌠##.........# ##.###
###....Y###+## #. .....###. #


You could see 2 yaks.

Vanquished Creatures
  Sigmund (D:3)
  4 yaks (D:8)
  An orc warrior (D:8)
  4 ice beasts
  3 ogres
  A centaur (D:8)
  2 bullfrogs
  8 necrophages
  2 scorpions (D:5)
  A howler monkey (D:7)
  5 orc priests
  A jelly (D:4)
  A hound (D:7)
  3 iguanas
  An orc wizard (D:7)
  Ijyb (D:3)
  3 scorpion zombies (D:5)
  A killer bee zombie (D:5)
  4 adders
  3 gnolls (D:5)
  2 ufetubi
  3 worms
  3 dart slugs
  25 orcs
  3 bats
  6 endoplasms
  2 giant cockroaches
  9 goblins
  6 hobgoblins
  2 jackals
  4 kobolds
  6 quokkas
  12 ball pythons
  2 frilled lizards (D:2)
  7 rats
142 creatures vanquished.

Vanquished Creatures (others)
  3 bushes (D:5)
  13 plants (D:5)
16 creatures vanquished.

Grand Total: 158 creatures vanquished

Notes
Turn   | Place    | Note
-------+----------+-------------------------------------------
     0 | D:1      | jtron the Gnoll Wanderer began the quest for the Orb.
     0 | D:1      | jtron set off with the following items: a +3 mace, a +0
                  | hand axe, a scroll of blinking, a +0 leather armour.
     0 | D:1      | Reached XP level 1. HP: 23/23 MP: 1/1
   169 | D:1      | Reached XP level 2. HP: 29/29 MP: 2/2
   197 | D:1      | Found a faded altar of an unknown god.
   610 | D:1      | You fall into a shaft and drop 1 floor!
  1118 | D:2      | Reached XP level 3. HP: 35/35 MP: 3/3
  1210 | D:2      | Reached skill level 1 in Invocations
  1785 | D:3      | Noticed Sigmund
  1828 | D:3      | Reached skill level 1 in Short Blades
  1828 | D:3      | Reached skill level 1 in Long Blades
  1828 | D:3      | Reached skill level 1 in Polearms
  1828 | D:3      | Reached skill level 1 in Staves
  1828 | D:3      | Reached skill level 1 in Ranged Weapons
  1828 | D:3      | Reached skill level 1 in Throwing
  1828 | D:3      | Reached skill level 1 in Dodging
  1828 | D:3      | Reached skill level 1 in Shields
  1828 | D:3      | Reached skill level 1 in Unarmed Combat
  1828 | D:3      | Reached skill level 1 in Spellcasting
  1901 | D:3      | Noticed Ijyb
  1904 | D:3      | Reached XP level 4. HP: 20/41 MP: 5/5
  1911 | D:3      | Killed Ijyb
  1912 | D:3      | Reached skill level 1 in Conjurations
  1912 | D:3      | Reached skill level 1 in Hexes
  1912 | D:3      | Reached skill level 1 in Summonings
  1912 | D:3      | Reached skill level 1 in Necromancy
  1912 | D:3      | Reached skill level 1 in Translocations
  1912 | D:3      | Reached skill level 1 in Transmutations
  1912 | D:3      | Reached skill level 1 in Fire Magic
  1912 | D:3      | Reached skill level 1 in Ice Magic
  1912 | D:3      | Reached skill level 1 in Air Magic
  1912 | D:3      | Reached skill level 1 in Earth Magic
  1912 | D:3      | Reached skill level 1 in Poison Magic
  2068 | D:3      | Killed Sigmund
  2069 | D:3      | Reached XP level 5. HP: 42/47 MP: 5/7
  2069 | D:3      | Reached XP level 6. HP: 48/53 MP: 5/8
  2592 | D:4      | Reached skill level 5 in Axes
  2592 | D:4      | Reached skill level 5 in Maces & Flails
  3258 | D:4      | Reached skill level 7 in Fighting
  3258 | D:4      | Reached XP level 7. HP: 29/60 MP: 10/10
  3565 | D:4      | Found a bloodstained altar of Trog.
  3857 | D:5      | Entered Level 5 of the Dungeon
  4329 | D:5      | Found a blossoming altar of Fedhas.
  4464 | D:5      | Reached XP level 8. HP: 47/67 MP: 12/12
  5457 | D:5      | Became a worshipper of Fedhas Madash
  6059 | D:6      | Found a glowing drain.
  6198 | D:6      | Found an opulent altar of Gozag.
  6198 | D:6      | Found a sparkling altar of Nemelex Xobeh.
  6345 | D:6      | Reached XP level 9. HP: 63/73 MP: 14/14
  6853 | D:7      | Found a staircase to the Ecumenical Temple.
  6987 | D:7      | Reached * piety under Fedhas
  7121 | D:7      | Reached skill level 5 in Armour
  7121 | D:7      | Reached skill level 5 in Evocations
  7691 | D:7      | Reached skill level 5 in Stealth
  7913 | D:8      | Reached skill level 8 in Fighting
  8183 | D:8      | Found a sand-covered staircase.
  8225 | D:8      | Found a runed translucent door.
  8234 | D:8      | Noticed croobank's ghost (novice DsFE)
  8292 | D:8      | Reached skill level 5 in Invocations
  8310 | D:8      | Gained mutation: Your system is resistant to poisons.
                  | (rPois) [potion of mutation]
  8310 | D:8      | Gained mutation: Your muscles are strong. (Str +4, Int/Dex
                  | -1) [potion of mutation]
  8310 | D:8      | Gained mutation: You have a pair of small horns on your
                  | head. [potion of mutation]
  8324 | D:8      | HP: 4/111 [yak (5)]
  8329 | D:8      | Slain by a yak

Illustrated notes

Levels and vault maps discovered:
D:1:      dpeg_arrival_short_road, layout_loops_corners,
          hellmonk_ecumenical_altar_lost_god, serial_glass, glass_columns_a,
          glass_columns_b, glass_columns_b, glass_columns_b, glass_columns_b,
          minmay_crystal_water
D:2:      layout_basic, grunt_ministairs_5, bh_walls_and_bars
D:3:      layout_rooms, st_stairs_2, minmay_misc_feat_rows, uniq_ijyb,
          uniq_sigmund
D:4:      layout_cave_pods, trog_butcher_becter
D:5:      layout_cave_pools, fedhas_altar_decomposition, hangedman_glass_teeth
D:6:      layout_basic, grunt_temple_overflow_opulence,
          cheibrodos_sewer_entry_bend
D:7:      layout_basic, minmay_temple_entry_proselytizer,
          kennysheep_nondescript, serial_park_tiny_pond, moated_statue
D:8:      layout_basic, overflow_temple_1_default,
          lemuel_coloured_pillars_altar, hellmonk_ghost_happy_afterlife,
          chequers_ossuary_entry_cave, st_stairs_8, kennysheep_generic_room_6,
          uniq_psyche

Skill      XL: |  1  2  3  4  5  6  7  8  9 |
---------------+----------------------------+-----
Invocations    | 1 2 3 4 5 |  5.2
Short Blades   | 1 2 3 4 |  4.7
Long Blades    | 1 2 3 4 |  4.7
Polearms       | 1 2 3 4 |  4.7
Staves         | 1 2 3 4 |  4.7
Ranged Weapons | 1 2 3 4 |  4.7
Throwing       | 1 2 3 4 |  4.7
Dodging        | 1 2 3 4 |  4.7
Shields        | 1 2 3 4 |  4.7
Unarmed Combat | 1 2 3 4 |  4.7
Spellcasting   | 1 2 3 4 |  4.7
Conjurations   | 1 2 3 |  3.9
Hexes          | 1 2 3 |  3.9
Summonings     | 1 2 3 |  3.9
Necromancy     | 1 2 3 |  3.9
Translocations | 1 2 3 |  3.9
Transmutations | 1 2 3 |  3.9
Fire Magic     | 1 2 3 |  3.9
Ice Magic      | 1 2 3 |  3.9
Air Magic      | 1 2 3 |  3.9
Earth Magic    | 1 2 3 |  3.9
Poison Magic   | 1 2 3 |  3.9
Armour         | 3 4 5 |  5.5
Stealth        | 3 4 5 |  5.4
Evocations     | 3 4 5 |  5.5
Axes           | 5 6 |  6.7
Maces & Flails | 5 6 |  6.7
Fighting       | 7 8 |  8.2

Action                   |  1- 3 |  4- 6 |  7- 9 || total
-------------------------+-------+-------+-------++-------
Melee: Mace              |    26 |       |    17 ||    43
       War axe           |    59 |    53 |   291 ||   403
       Bite              |     5 |     5 |    40 ||    50
       Punch             |     1 |       |       ||     1
 Fire: Sling             |       |    18 |    17 ||    35
Throw: Stone             |       |     1 |       ||     1
       Dart              |       |       |    22 ||    22
Evoke: Wand              |       |     2 |     8 ||    10
  Use: Scroll            |     4 |     3 |     8 ||    15
       Potion            |       |     3 |     7 ||    10
 Stab: Sleeping          |     6 |     1 |     5 ||    12
Armor: Leather armour    |    30 |    11 |    48 ||    89
       Skin              |       |       |    55 ||    55
Dodge: Dodged            |    42 |    36 |   119 ||   197
Block: Buckler           |     6 |     9 |    84 ||    99
